 Dungeon Crawl Stone Soup version 0.22-a0-252-gcace5d2 (webtiles) character file.

840 Amnesiac the Slasher (level 7, -4/35 HPs)
             Began as a Spriggan Fighter on Mar 2, 2018.
             Was a Follower of Okawaru.
             Slain by an ogre
             ... wielding a +0 giant club
              (27 damage)
             ... on level 5 of the Dungeon.
             The game lasted 00:10:07 (5663 turns).

Amnesiac the Slasher (Spriggan Fighter)             Turns: 5663, Time: 00:10:08

Health: -4/35      AC:  2    Str: 14    XL:     7   Next: 67%
Magic:  8/8        EV: 19    Int: 10    God:    Okawaru [*.....]
Gold:   224        SH:  6    Dex: 15    Spells: 1/6 levels left

rFire    . . .     SeeInvis +   a - +0 long sword
rCold    . . .     Gourm    .   c - +0 buckler
rNeg     . . .     Faith    .   b - +0 robe
rPois    +         Spirit   .   (helmet restricted)
rElec    .         Reflect  .   (no cloak)
rCorr    .         Harm     .   (gloves unavailable)
MR       +....                  (boots unavailable)
Stlth    +.........             (no amulet)
HPRegen  0.11/turn              e - ring of poison resistance
MPRegen  0.11/turn              (no ring)

@: very quick
A: very small, unfitting armour, see invisible, herbivore, speed 3, slow
metabolism 2
a: Heroism, Renounce Religion


You were on level 5 of the Dungeon.
You worshipped Okawaru.
Okawaru was aware of your devotion.
You were not hungry.

You visited 2 branches of the dungeon, and saw 7 of its levels.
You also visited: Sewer.

You collected 224 gold pieces.

Inventory:

Hand Weapons
 a - a +0 long sword (weapon)
 D - a +2 shortbow of flaming
Missiles
 i - 160 stones (quivered)
 m - 18 bolts
 E - 80 arrows
Armour
 b - a +0 robe (worn)
 c - a +0 buckler (worn)
 z - a +0 hat
Jewellery
 e - a ring of poison resistance (left hand)
 s - an uncursed ring of teleportation
 w - a +2 amulet of reflection {unknown}
 B - an uncursed ring of protection from fire {unknown}
Wands
 l - a wand of acid (6)
 n - a wand of scattershot (5)
 p - a wand of random effects (15)
 y - a wand of disintegration (8)
Scrolls
 d - 2 scrolls of magic mapping {!r, unknown}
 h - a scroll of fog {!r}
 k - 5 scrolls of blinking {!r}
 q - 3 scrolls of teleportation {!r}
 r - a scroll of identify {!r}
 t - 3 scrolls of remove curse {!r}
 u - 2 scrolls of amnesia {!r, unknown}
 v - 2 scrolls of enchant armour {!r, unknown}
 F - a scroll of fear {!r}
Potions
 g - a potion of degeneration {!q, unknown}
 j - a potion of mutation {!q, unknown}
 o - a potion of flight {!q}
 x - a potion of haste {!q}
 A - a potion of agility {!q, unknown}
 C - a potion of berserk rage {!q, unknown}
Comestibles
 f - 5 rations


   Skills:
 - Level 2.4 Fighting
 + Level 7.4 Long Blades
 - Level 4.4 Dodging
 - Level 2.1 Shields


You had one spell level left.
You knew the following spells:

 Your Spells              Type           Power        Failure   Level  Hunger
a - Ozocubu's Armour      Chrm/Ice       #.......     85%         3    ####...
b - Apportation           Tloc           #.....       47%         1    ##.....
z - Confusing Touch       Hex            #.....       47%         1    ##.....


Dungeon Overview and Level Annotations

Branches:
Dungeon (6/15)             Temple (1/1) D:6

Altars:
Ashenzari
Cheibriados
Dithmenos
Elyvilon
Gozag
Hepliaklqana
Kikubaaqudgha
Makhleb
Nemelex Xobeh
Okawaru
Qazlal
Ru
Sif Muna
Uskayaw
Vehumet
Wu Jian
Xom
Yredelemnul
Zin
The Shining One

Shops:
D:4 =


Innate Abilities, Weirdness & Mutations

You are very small and have problems with some larger weapons.
You are too small for most types of armour.
You have supernaturally acute eyesight. (SInv)
You are a herbivore.
You cover ground extremely quickly.
You need consume almost no food.


Message History

You hit the bat.
The bat is heavily wounded.
The bat barely misses you.
A bat is nearby!
The bat misses you.
You riposte.
You hit the bat.
You kill the bat!
Okawaru accepts your kill.
Found a stone staircase leading up.
There is a stone staircase leading up here.
HP restored.
Key pressed, stopping explore.
No target in view!
Things that are here:
an enchanted spear; a gnoll corpse Key pressed, stopping explore.
No target in view!
Found a leather armour.
No target in view!
Found an escape hatch in the floor.
No target in view!
Done exploring.
No target in view!
Done exploring.
No target in view!
Done exploring.
No target in view!
Done exploring.
No target in view!
There is an escape hatch in the floor here.
You slide downwards.
The hatch slams shut behind you.
Done exploring.
No target in view!
No target in view!
Done exploring.
No target in view!
Done exploring.
There is a stone staircase leading down here.
You climb downwards.
There is a stone staircase leading up here.
You now have 224 gold pieces (gained 10).
The ogre is too close now for your liking.
The ogre shouts!
An ogre is nearby!
An ogre is nearby!
The ogre hits you with a giant club!
You closely miss the ogre. The ogre closely misses you.
You riposte.
You slash the ogre!
The ogre is moderately wounded.
You hit the ogre but do no damage.
The ogre is moderately wounded.
You closely miss the ogre.
The ogre is moderately wounded.
You block the ogre's attack.
Your shield prevents you from hitting the ogre.
The ogre is moderately wounded.
The ogre closely misses you.
You hit the ogre.
The ogre is moderately wounded.
You block the ogre's attack.
You hit the ogre.
The ogre is heavily wounded.
The ogre hits you with a giant club!!
Ouch! That really hurt!
You die...

#############
#####...........#
................#########
#####.####..............##
##...##.####.##.###...#
#.###.#.####.##.###...###
####.# #.....##.##.#.......#
.....###...#....@O.........#
#####...###........#.......#
#..## #.###.######...#.#
#..# #.# #.######...#.#
#..####.###.#........#.#
##...........#.####...#.#
#.....##.#####.# #####.#
#.....##.#####.### #.#
#.....##.........# #.#


You could see an ogre.

Vanquished Creatures
  A sky beast (D:6)
  A centaur (D:2)
  A crocodile (Sewer)
  A bullfrog (D:6)
  2 crimson imps
  A bullfrog skeleton (D:5)
  An orc wizard (D:5)
  2 worker ants
  Robin (D:2)
  3 gnolls (D:3)
  18 adders
  2 oozes
  3 adder skeletons (D:5)
  A worm (D:2)
  3 dart slugs
  3 leopard geckos
  9 orcs
  4 giant cockroaches
  11 goblins
  16 hobgoblins
  11 jackals
  10 kobolds
  5 quokkas
  2 ball pythons
  8 bats
  6 frilled lizards
  A jackal skeleton (D:5)
  A quokka skeleton (D:5)
  6 rats
134 creatures vanquished.

Notes
Turn   | Place    | Note
-------+----------+-------------------------------------------
     0 | D:1      | Amnesiac the Spriggan Fighter began the quest for the Orb.
     0 | D:1      | Reached XP level 1. HP: 11/11 MP: 2/2
   334 | D:2      | Noticed a centaur
   447 | D:3      | Reached skill level 2 in Long Blades
   447 | D:3      | Reached XP level 2. HP: 16/16 MP: 3/3
   466 | D:3      | Found an ornate altar of the Wu Jian Council.
   528 | D:3      | Reached skill level 3 in Long Blades
   528 | D:3      | Reached XP level 3. HP: 17/19 MP: 4/4
  1008 | D:3      | Reached XP level 4. HP: 20/23 MP: 5/5
  1034 | D:4      | Found Viawn's Jewellery Emporium.
  1529 | D:4      | Found a sacrificial altar of Ru.
  1803 | D:5      | Entered Level 5 of the Dungeon
  1817 | D:5      | Learned a level 3 spell: Ozocubu's Armour
  1830 | D:5      | Noticed a sky beast
  1847 | D:5      | Noticed an ogre
  1886 | D:5      | Reached skill level 4 in Long Blades
  2017 | D:5      | Reached XP level 5. HP: 14/27 MP: 6/6
  2335 | D:5      | Found a basalt altar of Yredelemnul.
  2336 | D:5      | Found a snail-covered altar of Cheibriados.
  2377 | D:5      | Noticed an ogre
  2410 | D:5      | Reached skill level 5 in Long Blades
  2551 | D:5      | Reached XP level 6. HP: 32/32 MP: 7/7
  2588 | D:5      | Learned a level 1 spell: Confusing Touch
  2590 | D:5      | Learned a level 1 spell: Apportation
  2634 | D:6      | Found a staircase to the Ecumenical Temple.
  2641 | Temple   | Entered the Ecumenical Temple
  2690 | Temple   | Became a worshipper of Warmaster Okawaru
  2849 | D:6      | Noticed a sky beast
  2867 | D:6      | Found a glowing drain.
  2920 | D:6      | Reached skill level 6 in Long Blades
  2930 | Sewer    | Entered a sewer
  3167 | D:6      | Killed a sky beast
  3167 | D:6      | Reached * piety under Okawaru
  3167 | D:6      | Reached XP level 7. HP: 9/35 MP: 8/8
  3205 | D:6      | Found a stormy altar of Qazlal.
  3986 | D:2      | Noticed Robin
  3997 | D:2      | Killed Robin
  4156 | D:2      | Reached skill level 7 in Long Blades
  5663 | D:5      | Slain by an ogre

Vault maps used:
D:1:      dpeg_arrival_lava_altar
D:2:      first_ration, uniq_robin
D:3:      nicolae_overflow_crystal_walls
D:4:      serial_shops, nicolae_shop_trees, hangedman_ru_absence
D:5:      amethyst_overflow_temple_binary
D:6:      grunt_qazlal_clouds, minmay_temple_entry_mist, serial_shops,
          nicolae_shop_competitors_out_of_business, gup_sewer_entry_glass,
          uniq_sigmund
Temple:   nicolae_temple_elliptical
Sewer:    sewer_the_crocodile

Skill      XL: |  1  2  3  4  5  6  7 |
---------------+----------------------+-----
Long Blades    | 2 3 4 5 6 7 |  7.4
Fighting       | |  2.4
Dodging        | |  4.4
Shields        | |  2.1

Action                   |  1- 3 |  4- 6 |  7- 9 || total
-------------------------+-------+-------+-------++-------
Melee: Long sword        |    67 |   213 |   194 ||   474
  Use: Potion            |     1 |     5 |       ||     6
       Scroll            |       |     8 |     1 ||     9
 Stab: Sleeping          |       |     1 |     5 ||     6
  Eat: Ration            |       |       |     2 ||     2
Armor: Robe              |     3 |    10 |     8 ||    21
Dodge: Dodged            |    53 |   167 |   143 ||   363
Block: Buckler           |    12 |    63 |    60 ||   135
       Rpst.: Long sword |    12 |    60 |    46 ||   118

Table legend:
 A = Spawn XP
 B = Non-spawn XP
 C = Spawn XP percentage of total XP
 D = Spawn monster count
 E = Non-spawn monster count
 F = Spawn count percentage of total count
 G = Total turns spent on level
                    A         B        C        D         E        F      G
               +---------+---------+-------+---------+---------+-------+---------
         Total |       0 |    1201 |   0.0 |       0 |     134 |   0.0 |  5663
               +---------+---------+-------+---------+---------+-------+---------
           D:1 |       0 |      15 |   0.0 |       0 |       9 |   0.0 |   793
           D:2 |       0 |     290 |   0.0 |       0 |      49 |   0.0 |  1483
           D:3 |       0 |     151 |   0.0 |       0 |      29 |   0.0 |  1069
           D:4 |       0 |      27 |   0.0 |       0 |       6 |   0.0 |   791
           D:5 |       0 |     255 |   0.0 |       0 |      23 |   0.0 |   906
           D:6 |       0 |     352 |   0.0 |       0 |      12 |   0.0 |   319
         Sewer |       0 |     111 |   0.0 |       0 |       6 |   0.0 |   218
               +---------+---------+-------+---------+---------+-------+---------
